 Dungeon Crawl Stone Soup version 0.20-a0-947-g2784f4f (webtiles) character file.

90 nikopol the Skirmisher (level 4, -2/43 HPs)
             Began as a Gargoyle Berserker on Apr 2, 2017.
             Was a Believer of Trog.
             Killed from afar by Ijyb (13 damage)
             ... with a wand of flame (?/48)
             ... on level 3 of the Dungeon.
             The game lasted 00:03:53 (2473 turns).

nikopol the Skirmisher (Gargoyle Berserker)         Turns: 2473, Time: 00:03:54

Health: -2/43      AC: 11    Str: 26    XL:     4   Next: 56%
Magic:  4/4        EV: 11    Int:  7    God:    Trog [**....]
Gold:   106        SH:  0    Dex: 10    Spells: 3/3 levels left

rFire    . . .     SeeInvis .   a - +0 mace
rCold    . . .     Gourm    .   (no shield)
rNeg     + . .     Faith    .   m - +0 scale mail
rPois    ∞         Spirit   .   (no helmet)
rElec    +         Reflect  .   h - +0 cloak
rCorr    .         Harm     .   (no gloves)
MR       .....                  (no boots)
Stlth    ..........             (no amulet)
Regen    0.2/turn               (no ring)
MPRegen  0.1/turn               (no ring)

@: berserking (expiring), very quick
A: negative energy resistance 1, electricity resistance, unbreathing,
petrification resistance, rot immunity, AC +3
a: Berserk, Trog's Hand, Burn Spellbooks, Renounce Religion


You were on level 3 of the Dungeon.
You worshipped Trog.
Trog was pleased with you.
You were very hungry.

You visited 1 branch of the dungeon, and saw 3 of its levels.

You collected 106 gold pieces.

Inventory:

Hand Weapons
 a - a +0 mace (weapon)
Missiles
 g - 26 arrows (quivered)
Armour
 b - a +0 animal skin
 h - a +0 cloak (worn)
 m - a +0 scale mail (worn)
Scrolls
 d - 2 scrolls of amnesia {unknown}
 e - a scroll of identify {unknown}
 i - a scroll of teleportation {unknown}
 n - a scroll of remove curse {unknown}
 t - a scroll of enchant armour {unknown}
Potions
 j - 2 potions of curing {unknown}
 l - a potion of brilliance {unknown}
 p - a potion of invisibility {unknown}
 q - a potion of haste {unknown}
 r - a potion of agility {unknown}
 u - a potion of flight {unknown}
Comestibles
 c - a bread ration
 f - a meat ration
 k - a royal jelly
 o - 3 fruits
 s - 2 chunks of flesh


   Skills:
 + Level 3.7 Fighting
 + Level 3.6 Maces & Flails
 + Level 3.3 Armour
 + Level 2.3 Dodging


You had 3 spell levels left.
You didn't know any spells.

Dungeon Overview and Level Annotations

Branches:
Dungeon (3/15)

Altars:
Cheibriados
Dithmenos
Elyvilon
Wu Jian

Annotations:
D:3 Ijyb


Innate Abilities, Weirdness & Mutations

You are resistant to torment.
Your stone body is resilient. (AC +3)
You are immune to poison.
You resist negative energy. (rN+)
You are resistant to electric shocks. (rElec)
You can survive without breathing.
You are immune to petrification.
You are immune to rotting.


Message History

Ijyb zaps a wand.
The puff of flame hits you!
You barely miss Ijyb.
Ijyb is moderately wounded.
Ijyb screams, "Me stronger than you!" Ijyb hits you but does no damage.
You barely miss Ijyb.
Ijyb is moderately wounded.
You sock Ijyb!
Ijyb is severely wounded.
Ijyb hits you but does no damage.
You closely miss Ijyb.
Ijyb is severely wounded.
Ijyb misses you.
You barely miss Ijyb.
Ijyb is severely wounded.
Ijyb hits you but does no damage.
You hit Ijyb.
Ijyb is severely wounded.
Ijyb zaps a wand.
The puff of flame hits you!
You die...

(.### #....
.....###...
...........
.......... ........#
#.....# #.....#
#.....###############
+!.)..'.g@.........>#
#.....#############.#
........# #.#
.......... #.#
.....#..... #.#
.....#..... #.#
.....#...... #####.#
.. ####### #.....#
#.#####


You could see Ijyb.

Vanquished Creatures
  3 adders
  An ooze (D:1)
  A dart slug (D:2)
  3 leopard geckos
  10 bats
  3 giant cockroaches
  4 hobgoblins
  9 kobolds
  A quokka (D:2)
  5 frilled lizards
  5 goblins
  9 rats
54 creatures vanquished.

Notes
Turn   | Place    | Note
-------+----------+-------------------------------------------
     0 | D:1      | nikopol the Gargoyle Berserker began the quest for the Orb.
     0 | D:1      | Reached XP level 1. HP: 14/14 MP: 1/1
   341 | D:1      | Reached XP level 2. HP: 18/19 MP: 2/2
   926 | D:1      | Reached XP level 3. HP: 16/23 MP: 3/3
  1413 | D:2      | Found a snail-covered altar of Cheibriados.
  1728 | D:2      | Found an ornate altar of the Wu Jian Council.
  1784 | D:2      | Reached ** piety under Trog
  1796 | D:2      | Found a white marble altar of Elyvilon.
  1810 | D:2      | Found a shadowy altar of Dithmenos.
  1976 | D:2      | Reached XP level 4. HP: 21/28 MP: 4/4
  2439 | D:3      | Noticed Ijyb
  2473 | D:3      | Killed from afar by Ijyb

Vault maps used:
D:1:      dpeg_arrival_lava_temple_mockup
D:2:      lemuel_doored_altar, chequers_temple_overflow_statue_of_worship,
          elyvilon_altar_5
D:3:      uniq_iyjb, uniq_natasha, uniq_crazy_yiuf_cottage

Skill      XL: |  1  2  3 |
---------------+----------+-----
Dodging        | 2 |  2.3
Armour         | 3 |  3.3
Fighting       | |  3.7
Maces & Flails | |  3.6

Action                   |  1- 3 |  4- 6 || total
-------------------------+-------+-------++-------
Melee: Mace              |   115 |    61 ||   176
Invok: Berserk           |       |     1 ||     1
  Eat: Chunk             |     3 |     2 ||     5
Armor: Animal skin       |    57 |       ||    57
       Scale mail        |    19 |    50 ||    69
Dodge: Dodged            |   102 |    50 ||   152
